 Dungeon Crawl Stone Soup version 0.17-a0-2069-g0f4ee5b (webtiles) character file.

78 tp1 the Vexing (level 4, -6/24 HPs)
             Began as a Deep Elf Enchanter on Oct 13, 2015.
             Killed from afar by Jessica (8 damage)
             ... with a wand of frost
             ... on level 2 of the Dungeon.
             The game lasted 00:15:51 (2367 turns).

tp1 the Vexing (Deep Elf Enchanter)                 Turns: 2367, Time: 00:15:51

Health: -6/24      AC:  5    Str:  5    XL:     4   Next: 15%
Magic:  1/12       EV: 13    Int: 21    God:
Gold:   67         SH:  0    Dex: 15    Spells: 3 memorised, 5 levels left

rFire  . . .     SeeInvis .     a - +1 dagger
rCold  . . .     Clarity  .     b - +1 robe
rNeg   . . .     SustAt   .     (no shield)
rPois  .         Gourm    .     m - +0 helmet
rElec  .         Spirit   .     (no cloak)
rCorr  .         Warding  .     j - +0 pair of gloves
rMut   .         Rnd*Tele +     (no boots)
MR     .....                    (no amulet)
Stlth  +++.......               (no ring)
                                p - ring of teleportation

@: very slightly contaminated, not resistant to hostile enchantments, fairly
stealthy
A: no striking features
a: Evoke Teleportation


You were on level 2 of the Dungeon.
You were not hungry.

You visited 1 branch of the dungeon, and saw 2 of its levels.

You collected 67 gold pieces.

Inventory:

Hand Weapons
 a - a +1 dagger (weapon)
Armour
 b - a +1 robe (worn)
 j - a +0 pair of gloves (worn)
 m - a +0 helmet (worn)
Jewellery
 p - a ring of teleportation (left hand)
Scrolls
 e - a scroll of identify {unknown}
 f - 2 scrolls of teleportation
 l - a scroll of random uselessness {unknown}
Potions
 h - a potion of magic {unknown}
 k - 2 potions of brilliance {unknown}
 n - 2 potions of haste {unknown}
 o - a potion of agility {unknown}
Books
 c - a book of Maledictions

   Spells                             Type                      Level
   a - Corona                         Hexes                        1
   b - Ensorcelled Hibernation        Hexes/Ice                    2
   c - Confuse                        Hexes                        3
   d - Tukima's Dance                 Hexes                        3
   e - Dazzling Spray                 Conjuration/Hexes            3
Comestibles
 d - a chunk of flesh


   Skills:
 - Level 0.1 Fighting
 - Level 1.0 Short Blades
 + Level 3.4 Dodging
 - Level 3.7 Stealth
 + Level 4.6 Spellcasting
 + Level 4.7 Hexes


You had 5 spell levels left.
You knew the following spells:

 Your Spells              Type           Power        Failure   Level  Hunger
a - Corona                Hex            ###....      1%          1    None
b - Confuse               Hex            ###.....     6%          3    ##.....
c - Dazzling Spray        Conj/Hex       ##......     14%         3    ##.....


Dungeon Overview and Level Annotations

Branches:
Dungeon (2/15)

Altars:
Nemelex Xobeh

Annotations:
D:2 Jessica


Message History

Jessica says, "Why did you come here?" Jessica hits you with a dagger.
* * * LOW HITPOINT WARNING * * *
You hit Jessica but do no damage.
Jessica is moderately wounded.
Jessica misses you.
You hit Jessica but do no damage.
Jessica is moderately wounded.
Jessica closely misses you.
You hit Jessica.
Jessica is moderately wounded.
Jessica grins evilly.
Jessica completely misses you.
You hit Jessica.
Jessica is heavily wounded.
Jessica barely misses you.
You hit Jessica.
Jessica is severely wounded.
Jessica zaps a wand.
The puff of frost hits you!
You die...

..########..#..# .........#.#_#.#
######## ..######.#..#..##
#......# ..# #.........<#
#......# ..# #.#..##....#
#......### ..####.#... #...#
#......... .......#.#.##...#
#.........
##.#####...##..@############.....
............[...@................
##.#########################.....
..................[........#.....
##.#######################.#.....
##.# #.#..... .).# #.#..... ####
#....... ##....## #.#..#


You could see Jessica.

Vanquished Creatures
  Robin (D:1)
  An adder (D:2)
  A worm (D:2)
  A giant gecko (D:2)
  3 ball pythons
  15 goblins
  10 hobgoblins
  A jackal (D:2)
  4 kobolds
  5 bats
  3 giant cockroaches (D:1)
  7 rats
52 creatures vanquished.

Notes
Turn   | Place    | Note
--------------------------------------------------------------
     0 | D:1      | tp1 the Deep Elf Enchanter began the quest for the Orb.
     0 | D:1      | Reached XP level 1. HP: 10/10 MP: 6/6
     7 | D:1      | Found a sparkling altar of Nemelex Xobeh.
   149 | D:1      | Reached XP level 2. HP: 4/15 MP: 5/8
  1104 | D:1      | Reached XP level 3. HP: 19/19 MP: 8/10
  1112 | D:1      | Learned a level 3 spell: Confuse
  1116 | D:1      | Learned a level 3 spell: Dazzling Spray
  1341 | D:2      | Noticed Robin
  1524 | D:1      | Killed Robin
  1947 | D:2      | Reached XP level 4. HP: 24/24 MP: 3/12
  1989 | D:2      | Found a faded altar to an unknown god.
  1993 | D:2      | Noticed Jessica
  2367 | D:2      | Killed from afar by Jessica

Vault maps used:
D:1:      tarquinn_simple_flora_water_b, minmay_misc_feat_pillars,
          hangedman_decor_slide_cut, nemelex_deck
D:2:      ecumenical_altar_1, kennysheep_generic_room_4, uniq_robin,
          uniq_jessica

Action                   |  1- 3 |  4- 6 || total
-------------------------+-------+-------++-------
Melee: Dagger            |   145 |    13 ||   158
 Cast: Corona            |    46 |     5 ||    51
       Dazzling Spray    |    12 |     7 ||    19
       Confuse           |     3 |       ||     3
  Use: Scroll            |       |     4 ||     4
 Stab: Invisible         |     1 |       ||     1
  Eat: Chunk             |     2 |       ||     2
       Bread ration      |     1 |       ||     1
